 Dungeon Crawl Stone Soup version 0.21.1-1-g345015f (webtiles) character file.

78 batai666 the Digger (level 4, -1/24 HPs)
             Began as a Gargoyle Earth Elementalist on Feb 12, 2018.
             Slain by a worm (4 damage)
             ... on level 2 of the Dungeon.
             The game lasted 00:18:26 (2900 turns).

batai666 the Digger (Gargoyle Earth Elementalist)   Turns: 2900, Time: 00:18:28

Health: -1/24      AC:  5    Str: 12    XL:     4   Next: 36%
Magic:  5/8        EV: 12    Int: 16    God:
Gold:   94         SH:  0    Dex: 10    Spells: 5/9 levels left

rFire    . . .     SeeInvis .   m - +0 dagger
rCold    . . .     Gourm    .   (no shield)
rNeg     + . .     Faith    .   c - +0 robe
rPois    ∞         Spirit   .   (no helmet)
rElec    +         Reflect  .   (no cloak)
rCorr    .         Harm     .   (no gloves)
MR       .....                  (no boots)
Stlth    ++........             (no amulet)
HPRegen  0.08/turn              (no ring)
MPRegen  0.11/turn              (no ring)

@: no status effects
A: negative energy resistance 1, electricity resistance, unbreathing,
petrification resistance, rot immunity, AC +3
a: no special abilities


You were on level 2 of the Dungeon.
You were not hungry.

You visited 1 branch of the dungeon, and saw 2 of its levels.

You collected 94 gold pieces.

Inventory:

Hand Weapons
 m - a +0 dagger (weapon)
Missiles
 a - 8 poisoned needles (quivered)
Armour
 c - a +0 robe (worn)
 p - a +0 buckler
Scrolls
 f - a scroll of immolation
 g - a scroll of enchant weapon {unknown}
 h - a scroll of blinking {unknown}
 o - a scroll of noise {unknown}
Potions
 i - a potion of mutation {unknown}
 j - a potion of haste
 k - a potion of heal wounds {unknown}
Books
 e - a book of Geomancy

   Spells                             Type                      Level
   a - Sandblast                      Earth                        1
   b - Passwall                       Transmutation/Earth          2
   c - Stone Arrow                    Conjuration/Earth            3
   d - Petrify                        Transmutation/Earth          4
   e - Lee's Rapid Deconstruction     Earth                        5


   Skills:
 - Level 0.1 Fighting
 - Level 1.6 Dodging
 - Level 2.2 Stealth
 - Level 0.4 Unarmed Combat
 + Level 3.0 Spellcasting
 + Level 1.2 Conjurations
   Level 0.7 Transmutations
 + Level 4.7 Earth Magic


You had 5 spell levels left.
You knew the following spells:

 Your Spells              Type           Power        Failure   Level  Hunger
a - Sandblast             Erth           ###...       2%          1    #......
b - Stone Arrow           Conj/Erth      ##....       16%         3    ###....


Dungeon Overview and Level Annotations

Branches:
Dungeon (2/15)

Altars:


Innate Abilities, Weirdness & Mutations

You are resistant to torment.
Your stone body is resilient. (AC +3)
You are immune to poison.
You resist negative energy. (rN+)
You are resistant to electric shocks. (rElec)
You can survive without breathing.
You are immune to petrification.
You are immune to rotting.


Message History

Press: ? - help, Shift-Dir - straight line, f/p - worm
Aim: a worm You toss away a poisoned needle.
The poisoned needle hits the worm.
The worm bites you!
Tossing away (i - inventory):
a - 8 poisoned needles (quivered)
Press: ? - help, Shift-Dir - straight line, f/p - worm
Aim: a worm
Okay, then.
Casting: Stone Arrow
Confirm with . or Enter, or press ? or * to list all spells.
Aiming: Stone Arrow
Press: ? - help, Shift-Dir - straight line, f/p - worm
Aim: a worm The stone arrow hits the worm.
The worm is heavily wounded.
The worm bites you.
* * * LOW HITPOINT WARNING * * *
There is a stone staircase leading up here.
The worm bites you.
You die...

#..# ### #.# ###.## #...## ##..
#.# #.... .....###.. #####.####
#.... ......##.# #........# #....
.......#.########........# #>...
................#.(.....(# ##....
.........######...[.....<# #.....
.................w.......###.....
.#....>#########@............####
###.#.### ##.....)..###.#
##.#...# #...............#
###..###.####..##........###.#
....####......# ########## #.####
.###..>.....### #.....
.....#####.## #))###. ..#### ..#
#.... #.# #..# ...####


You could see a worm.

Vanquished Creatures
  2 adders (D:2)
  2 oozes (D:2)
  2 worms (D:2)
  2 dart slugs (D:1)
  3 leopard geckos (D:1)
  A bat (D:1)
  4 giant cockroaches
  4 goblins
  4 hobgoblins
  3 jackals (D:2)
  A quokka (D:1)
  3 frilled lizards (D:1)
  5 kobolds
  A rat (D:1)
37 creatures vanquished.

Notes
Turn   | Place    | Note
-------+----------+-------------------------------------------
     0 | D:1      | batai666 the Gargoyle Earth Elementalist began the quest for the Orb.
     0 | D:1      | Reached XP level 1. HP: 10/10 MP: 3/3
   578 | D:1      | Reached XP level 2. HP: 15/15 MP: 3/5
   851 | D:1      | Reached skill level 4 in Earth Magic
  1148 | D:1      | Reached XP level 3. HP: 13/19 MP: 3/6
  1505 | D:2      | Learned a level 3 spell: Stone Arrow
  1630 | D:2      | Reached XP level 4. HP: 18/24 MP: 1/8
  1960 | D:2      | Reached skill level 1 in Conjurations
  2423 | D:2      | HP: 1/24 [quokka (2)]
  2900 | D:2      | Slain by a worm

Skill      XL: |  1  2  3  4 |
---------------+-------------+-----
Earth Magic    | 4 |  4.7
Conjurations   | 1 |  1.2
Spellcasting   | 3 |  3.0
Fighting       | |  0.1
Dodging        | |  1.6
Stealth        | |  2.2
Unarmed Combat | |  0.4
Transmutations | |  0.7

Action                   |  1- 3 |  4- 6 || total
-------------------------+-------+-------++-------
Melee: Unarmed           |     8 |       ||     8
       Dagger            |    71 |    65 ||   136
       Punch             |       |     1 ||     1
 Cast: Sandblast         |    30 |       ||    30
       Stone Arrow       |     1 |     7 ||     8
  Use: Scroll            |     3 |       ||     3
  Eat: Chunk             |     3 |       ||     3
       Ration            |       |     2 ||     2
Armor: Robe              |    33 |    26 ||    59
Dodge: Dodged            |    58 |    36 ||    94
